 Dungeon Crawl Stone Soup version 0.24.1-1-gd1d2a07e1b (webtiles) character file.

Game seed: 7364530906852609603, levelgen mode: deterministic

679 nightchill the Slasher (level 7, 0/54 HPs)
             Began as a Vampire Gladiator on Apr 8, 2020.
             Was a Follower of Kikubaaqudgha.
             Succumbed to a worker ant's poison
             ... on level 5 of the Dungeon.
             The game lasted 00:12:55 (3982 turns).

nightchill the Slasher (Vampire Gladiator)          Turns: 3982, Time: 00:12:55

Health: 0/54       AC:  5    Str: 15    XL:     7   Next: 34%
Magic:  7/7        EV: 13    Int: 10    God:    Kikubaaqudgha [*.....]
Gold:   150        SH:  0    Dex: 16    Spells: 3/6 levels left

rFire    + . .     SeeInvis +   a - +0 long sword
rCold    + . .     Gourm    .   (no shield)
rNeg     . . .     Faith    .   b - +0 leather armour
rPois    +         Spirit   .   n - +1 helmet
rElec    +         Reflect  .   (no cloak)
rCorr    +         Harm     .   (no gloves)
MR       .....                  (no boots)
Stlth    +.........             (no amulet)
HPRegen  0.38/turn              (no ring)
MPRegen  0.10/turn              (no ring)

@: lethally poisoned (0 -> -6), resistant, marked, regenerating quickly
A: no food, fangs 3, see invisible, unbreathing
a: Exsanguinate, Receive Corpses, Renounce Religion


You were on level 5 of the Dungeon.
You worshipped Kikubaaqudgha.
Kikubaaqudgha was aware of your devotion.
You were alive.

You visited 1 branch of the dungeon, and saw 5 of its levels.

You collected 150 gold pieces.

Inventory:

Hand Weapons
 a - a +0 long sword (weapon)
 p - a +0 vampiric dagger
 t - a +0 hunting sling
Missiles
 d - 3 throwing nets (quivered)
 g - 114 stones
 l - 2 curare-tipped darts
Armour
 b - a +0 leather armour (worn)
 c - a +0 helmet
 i - a +0 shield
 n - a +1 helmet (worn)
Jewellery
 j - an uncursed ring of wizardry {unknown}
 q - an uncursed amulet of faith {unknown}
Wands
 s - a wand of digging (4)
Scrolls
 f - 5 scrolls of identify {unknown}
 k - 5 scrolls of amnesia {unknown}
 m - a scroll of enchant armour {unknown}
 r - 3 scrolls of remove curse {unknown}
 w - a scroll of teleportation {unknown}
 x - a scroll of blinking {unknown}
Potions
 e - a potion of resistance
 h - a potion of cancellation {unknown}
 o - 2 potions of brilliance {unknown}
 u - a potion of lignification {unknown}
 v - a potion of might {unknown}


   Skills:
 + Level 4.2 Fighting
 * Level 6.8 Long Blades
 - Level 1.5 Throwing
 - Level 3.2 Dodging
 + Level 2.9 Necromancy


You had 3 spell levels left.
You knew the following spells:

 Your Spells              Type           Power        Failure   Level  Hunger
a - Regeneration          Chrm/Necr      #.........   61%         3    N/A

Your spell library contained the following spells:

 Spells                   Type           Power        Failure   Level  Hunger
 Pain                     Necr           #...         14%         1    N/A
 Corpse Rot               Necr           N/A          22%         2    N/A
 Sublimation of Blood     Necr           #.........   22%         2    N/A

Dungeon Overview and Level Annotations

Branches:
Dungeon (5/15)             Temple (0/1) D:5

Altars:
Dithmenos
Elyvilon
Kikubaaqudgha
Qazlal
Ru

Shops:
D:4 (

Annotations:
D:3 3 runed translucent doors, Bliebski's ghost, amateur MfSu


Innate Abilities, Weirdness & Mutations

You do not eat.
Your natural rate of healing is unusually fast.
You have razor-sharp teeth.
You have supernaturally acute eyesight. (SInv)
You can survive without breathing.


Message History

* * * LOW HITPOINT WARNING * * *
You hit the worker ant. You bite the worker ant.
The worker ant is severely wounded.
You feel sick.
The worker ant bites you but does no damage.
The iguana bites you!
* * * LOW HITPOINT WARNING * * *
The worker ant barely misses you.
You riposte.
You closely miss the worker ant.
The worker ant is severely wounded.
You hit the worker ant.
You kill the worker ant!
Kikubaaqudgha accepts your kill.
* * * LOW HITPOINT WARNING * * *
You feel sick. The iguana closely misses you.
* * * LOW HITPOINT WARNING * * *
You feel sick.
It was a potion of resistance.
You feel protected.
You die...
Kikubaaqudgha rasps: "You have failed me!
Welcome... death!"

...............#
...............#
.##.......######
.##....##.########
.................#
......≈≈≈≈≈......#
....≈≈≈≈≈≈≈≈≈....#
..≈≈≈≈≈≈≈≈≈≈≈≈≈..#
.≈≈≈≈≈≈...≈≈≈≈≈≈@#
.≈≈≈≈≈≈.>.≈≈≈≈≈≈l#
.≈≈≈≈≈≈...≈≈≈≈≈≈.#
.≈≈≈≈≈≈≈≈≈≈≈≈≈≈≈.#
.. ≈≈≈≈≈≈≈≈≈..#
≈≈≈≈≈≈....#
≈≈≈.......
.........
#....###.


You could see an iguana.

Vanquished Creatures
  An ogre (D:4)
  Blork the orc (D:4)
  A scorpion (D:4)
  A howler monkey (D:4)
  2 orc priests
  2 orc wizards
  A bullfrog skeleton (D:4)
  An iguana (D:2)
  3 worker ants
  A killer bee zombie (D:5)
  A hound skeleton (D:4)
  3 gnolls (D:3)
  3 adders (D:2)
  3 oozes
  3 worms
  2 dart slugs
  6 leopard geckos
  4 orcs
  2 giant cockroaches
  9 goblins
  14 hobgoblins
  6 jackals
  6 kobolds
  A quokka (D:5)
  2 ball pythons
  5 bats
  7 frilled lizards
  2 jackal skeletons
  9 rats
102 creatures vanquished.

Notes
Turn   | Place    | Note
-------+----------+-------------------------------------------
     0 | D:1      | nightchill the Vampire Gladiator began the quest for the
                  | Orb.
     0 | D:1      | Reached XP level 1. HP: 16/16 MP: 1/1
   137 | D:1      | Reached XP level 2. HP: 22/22 MP: 2/2
   515 | D:1      | Reached XP level 3. HP: 27/27 MP: 3/3
   725 | D:1      | Reached skill level 4 in Long Blades
  1010 | D:2      | Found a sacrificial altar of Ru.
  1039 | D:2      | Reached XP level 4. HP: 34/34 MP: 4/4
  1166 | D:2      | Found a stormy altar of Qazlal.
  1180 | D:2      | Found an ancient bone altar of Kikubaaqudgha.
  1206 | D:2      | Reached skill level 5 in Long Blades
  1206 | D:2      | Reached XP level 5. HP: 40/41 MP: 5/5
  1220 | D:2      | Found a shadowy altar of Dithmenos.
  1225 | D:2      | Became a worshipper of Kikubaaqudgha
  2159 | D:3      | Found a runed translucent gate.
  2159 | D:3      | Found a runed translucent gate.
  2159 | D:3      | Found a runed translucent gate.
  2245 | D:3      | Noticed Bliebski's ghost (amateur MfSu)
  2722 | D:4      | Found a white marble altar of Elyvilon.
  2733 | D:4      | Reached skill level 1 in Necromancy
  2733 | D:4      | Reached XP level 6. HP: 12/47 MP: 6/6
  3211 | D:4      | Noticed Blork the orc
  3224 | D:4      | Killed Blork the orc
  3224 | D:4      | Reached * piety under Kikubaaqudgha
  3224 | D:4      | Identified Kikubaaqudgha's Grimoire of Sinister Rites
                  | (Kikubaaqudgha gifted it to you on level 4 of the Dungeon)
  3224 | D:4      | Received a gift from Kikubaaqudgha
  3224 | D:4      | Reached skill level 6 in Long Blades
  3242 | D:4      | Learned a level 3 spell: Regeneration
  3413 | D:4      | Reached XP level 7. HP: 48/54 MP: 7/7
  3508 | D:4      | Found Eliler's Antique Weapon Boutique.
  3765 | D:5      | Entered Level 5 of the Dungeon
  3945 | D:5      | Found a staircase to the Ecumenical Temple.
  3979 | D:5      | HP: 2/54 [iguana (11)]
  3982 | D:5      | Succumbed to a worker ant's poison

Levels and vault maps discovered:
D:1:      matt_arrival_refuge, layout_loops_cross,
          chequers_serial_rivers_small_a, minmay_misc_feat_secret_circle,
          minmay_octomino_c4
D:2:      layout_loops_ring, hangedman_ru_absence, grunt_temple_overflow_open,
          kennysheep_generic_room_3
D:3:      layout_loops_corners, gammafunk_ghost_icy
D:4:      layout_loops_ring, elyvilon_altar_4, serial_shops, shop, first_ration,
          uniq_blork_the_orc
D:5:      layout_layer_cave, temple_pool_b, uniq_grinder

Skill      XL: |  1  2  3  4  5  6 |
---------------+-------------------+-----
Fighting       | 2 3 4 |  4.2
Long Blades    | 4 5 6 |  6.8
Necromancy     | 1 2 |  2.9
Throwing       | |  1.5
Dodging        | |  3.2

Action                   |  1- 3 |  4- 6 |  7- 9 || total
-------------------------+-------+-------+-------++-------
Melee: Long sword        |    98 |   161 |    55 ||   314
       Bite              |    15 |    19 |     9 ||    43
  Use: Potion            |       |       |     1 ||     1
 Stab: Sleeping          |     1 |     2 |       ||     3
Armor: Leather armour    |    16 |    29 |    15 ||    60
Dodge: Dodged            |    93 |   120 |    43 ||   256
       Rpst.: Long sword |    26 |    45 |    16 ||    87
